 Dungeon Crawl Stone Soup version 0.31.0-11-ge490571c62 (webtiles) character file.

Game seed: 15956530083773887199

178 qw the Ducker (level 5, -1/26 (27) HPs)
             Began as a Spriggan Hunter on Feb 3, 2024.
             Slain by a black bear (3 damage)
             ... on level 4 of the Dungeon.
             The game lasted 00:00:08 (2078 turns).

qw the Ducker (Spriggan Hunter)                     Turns: 2078, Time: 00:00:09

HP:   -1/26 (27)    AC:  2    Str:  7    XL:     5   Next: 32%
MP:   6/6           EV: 20    Int: 11    God:
Gold: 134           SH:  0    Dex: 20    Spells: 4/4 levels left

rFire   . . .        a - +2 shortbow
rCold   . . .        (shield currently unavailable)
rNeg    . . .        c - +0 robe
rPois   .            (helmet restricted)
rElec   .            (no cloak)
rCorr   .            (gloves unavailable)
SInv    +            (boots unavailable)
Will    .....        m - amulet of the acrobat
Stlth   ++           (no ring)
HPRegen 0.24/turn    (no ring)
MPRegen 0.10/turn

%: acrobat
@: about to teleport, lightly drained, very quick
A: very small, no large weapons, unfitting armour, see invisible, speed 3
a: no special abilities


You were on level 4 of the Dungeon.
You visited 1 branch of the dungeon, and saw 4 of its levels.

You collected 134 gold pieces.


Innate Abilities, Weirdness & Mutations

You are very small and have problems with some larger weapons.
You are too small for most types of armour.
You have supernaturally acute eyesight. (SInv)
You cover ground extremely quickly. (Speed+++)


   Skills:
 - Level 2.4 Fighting
 + Level 5.0 Ranged Weapons
 - Level 5.4 Dodging
 - Level 1.5 Stealth


You had 4 spell levels left.
You didn't know any spells.
Your spell library was empty.

Inventory:

Hand Weapons
 a - a +2 shortbow (weapon)
Armour
 c - a +0 robe (worn)
Jewellery
 m - an amulet of the acrobat (around neck)
 n - a ring of fire
Potions
 b - 2 potions of curing
 d - a potion of berserk rage {unknown}
 i - a potion of enlightenment
 j - 3 potions of resistance

Dungeon Overview and Level Annotations

Branches:
Dungeon (4/15)
 Temple: D:4-7

Altars:

Shops:
D:1 ?


Message History

The orc shouts!
The arrow hits the orc but does no damage.
You shoot an arrow. The arrow barely misses the orc.
2067 ||| RETREEEEATING.
2068 ||| RETREEEEATING.
Found a stone staircase leading down.
You shoot an arrow. The arrow hits the black bear.
The black bear is lightly wounded.
You shoot an arrow. The arrow hits the black bear!
The black bear is heavily wounded.
You shoot an arrow. The arrow barely misses the black bear.
You shoot an arrow. The arrow hits the orc!
The orc is almost dead.
The orc closely misses you.
You shoot an arrow. The arrow hits the orc!
You kill the orc!
You shoot an arrow. The arrow hits the black bear!
The black bear is severely wounded.
The black bear goes berserk!
2075 ||| RETREEEEATING.
The black bear rages.
The black bear attacks as it pursues you!
The black bear bites you! The black bear barely misses you.
The black bear completely misses you.
You shoot an arrow. The arrow hits the black bear.
The black bear is almost dead.
The black bear misses you. The black bear completely misses you.
The black bear misses you. x2
The black bear claws you but does no damage.
The black bear claws you!
You shoot an arrow. The arrow hits the black bear.
The black bear is almost dead.
The black bear bites you. The black bear closely misses you.
The black bear misses you.
2078 ||| READING scroll of teleportation.
As you read the scroll of teleportation, it crumbles to dust.
You feel strangely unstable. The black bear completely misses you.
The black bear misses you. The black bear claws you.
The black bear completely misses you. The black bear misses you.
The black bear claws you.
You die...

# # # # ##### # #...#
###...#######
......##....#
##....##....###########.
......''....'.Wh@.....>.
##....##....#.)########.
#.##########.........#
#.. ........##.o.... ###
#####'#'# ..... !....$
.... #....... W..
#........ .. ..........
.


You could see a black bear (berserk) and a phantom.

Vanquished Creatures
  A howler monkey (D:4)
  A bombardier beetle (D:3)
  3 adders
  3 ribbon worms
  4 dart slugs
  4 orcs
  10 endoplasms
  2 giant cockroaches
  8 goblins
  5 hobgoblins
  6 kobolds
  A quokka (D:2)
  4 ball pythons
  5 bats
  7 frilled lizards
  3 rats
67 creatures vanquished.

Notes
Turn   | Place    | Note
-------+----------+-------------------------------------------
     0 | D:1      | qw the Spriggan Hunter began the quest for the Orb.
     0 | D:1      | Reached XP level 1. HP: 10/10 MP: 2/2
     0 | D:1      | 0 ||| qw: Version: 0.3-a-157-g843a77d
     0 | D:1      | 0 ||| qw: Game counter: 3958
     0 | D:1      | 0 ||| qw: Melee chars always use a shield: true
     0 | D:1      | 0 ||| qw: God list: Okawaru
     0 | D:1      | 0 ||| qw: Allow faded altars: false
     0 | D:1      | 0 ||| qw: Do Orc after clearing Dungeon:15 true
     0 | D:1      | 0 ||| qw: Do second Lair branch before Depths: true
     0 | D:1      | 0 ||| qw: Lair rune preference: random
     0 | D:1      | 0 ||| qw: Goals: Normal
     0 | D:1      | 0 ||| PLANNING D:1-11
    51 | D:1      | Reached skill level 3 in Dodging
    52 | D:1      | Found Ygav's Magic Scroll Shop.
    58 | D:1      | 58 ||| SHOPLISTING scroll of identify (28 gold, have 8).
    58 | D:1      | 58 ||| SHOPLISTING scroll of teleportation (42 gold, have
                  | 8).
    93 | D:1      | Reached XP level 2. HP: 14/14 MP: 3/3
   622 | D:1      | 622 ||| READING scroll labelled YLIOR LIWNIRCHI.
   622 | D:1      | 622 ||| ENCHANTING +0 shortbow.
   623 | D:1      | 623 ||| READING 4 scrolls labelled PAHIYS QEFU.
   623 | D:1      | 623 ||| IDENTIFYING scroll labelled KEGITE EVOAHIQ
   624 | D:1      | 624 ||| READING 3 scrolls of identify.
   624 | D:1      | 624 ||| IDENTIFYING scroll labelled HUOCLASCHOGIL
   625 | D:1      | 625 ||| READING 2 scrolls of identify.
   625 | D:1      | 625 ||| IDENTIFYING 2 scrolls labelled DISYPU USTRAPS
   626 | D:1      | 626 ||| DROPPING scroll of butterflies.
   627 | D:1      | 627 ||| DROPPING scroll of revelation.
   628 | D:1      | 628 ||| DROPPING 2 scrolls of poison.
   679 | D:2      | Reached XP level 3. HP: 8/18 MP: 4/4
  1099 | D:2      | Found a faded altar of an unknown god.
  1256 | D:2      | 1256 ||| READING scroll of enchant weapon.
  1256 | D:2      | 1256 ||| ENCHANTING +1 shortbow.
  1364 | D:2      | 1364 ||| DROPPING amulet of magic regeneration.
  1365 | D:2      | 1365 ||| UPGRADING to amulet of the acrobat.
  1370 | D:2      | 1370 ||| READING scroll of identify.
  1370 | D:2      | 1370 ||| IDENTIFYING fuming grey potion
  1371 | D:2      | 1371 ||| READING 2 scrolls labelled FEANKUNAMM.
  1472 | D:2      | 1472 ||| READING scroll labelled JODADI PYU.
  1573 | D:2      | 1573 ||| READING scroll labelled JYSOSA SAAR.
  1574 | D:2      | 1574 ||| READING scroll labelled IMAKYAVODO.
  1575 | D:2      | 1575 ||| DRINKING 2 fizzy ruby potions.
  1576 | D:2      | 1576 ||| DRINKING 4 golden potions.
  1582 | D:2      | 1582 ||| DROPPING potion of ambrosia.
  1583 | D:2      | 1583 ||| DROPPING scroll of vulnerability.
  1613 | D:3      | Reached XP level 4. HP: 20/22 MP: 5/5
  1967 | D:3      | Reached XP level 5. HP: 26/26 MP: 6/6
  1982 | D:3      | 1982 ||| READING scroll of identify.
  1982 | D:3      | 1982 ||| IDENTIFYING 2 metallic amethyst potions
  2003 | D:4      | 2003 ||| FLEEEEING.
  2044 | D:4      | Identified the +2 rapier "Zirelob" {flame, Will- MP-9 Str+8
                  | Stlth+}
  2063 | D:4      | Noticed a black bear
  2063 | D:4      | Noticed a phantom
  2064 | D:4      | 2064 ||| RETREEEEATING.
  2067 | D:4      | 2067 ||| RETREEEEATING.
  2068 | D:4      | 2068 ||| RETREEEEATING.
  2075 | D:4      | 2075 ||| RETREEEEATING.
  2077 | D:4      | HP: 4/26 [black bear (3)]
  2078 | D:4      | 2078 ||| READING scroll of teleportation.
  2078 | D:4      | Slain by a black bear

Levels and vault maps discovered:
D:1:      minmay_arrival_cross, layout_basic, serial_shops, shop
D:2:      layout_loops_ring, shapermc_ecumenical_altar_petra,
          minmay_pentomino_t2
D:3:      layout_rooms
D:4:      layout_basic, grunt_qazlal_clouds,
          nicolae_overflow_hallway_of_the_gods

Skill      XL: |  1  2  3  4  5 |
---------------+----------------+-----
Dodging        | 3 4 5 |  5.4
Ranged Weapons | 5 |  5.0
Fighting       | 2 |  2.4
Stealth        | |  1.5

Action                     |  1- 3 |  4- 6 || total
---------------------------+-------+-------++-------
   Fire: Shortbow          |   110 |    72 ||   182
    Use: Scroll            |    10 |     2 ||    12
         Potion            |     2 |       ||     2
 Armour: Robe              |    10 |     8 ||    18
  Dodge: Dodged            |    34 |    15 ||    49

Table legend:
 A = Non-vault XP
 B = Vault XP
 C = Vault XP percentage of total XP
 D = Non-vault monster count
 E = Vault monster count
 F = Vault count percentage of total count
                 A         B        C        D         E       F
            +---------+---------+-------+---------+---------+-------
      Total |     254 |       1 |   0.4 |      66 |       1 |   1.5
            +---------+---------+-------+---------+---------+-------
        D:1 |      29 |       0 |   0.0 |      18 |       0 |   0.0
        D:2 |      57 |       1 |   1.7 |      23 |       1 |   4.2
        D:3 |     109 |       0 |   0.0 |      20 |       0 |   0.0
        D:4 |      59 |       0 |   0.0 |       5 |       0 |   0.0
            +---------+---------+-------+---------+---------+-------
